 Dungeon Crawl Stone Soup version 0.29-a0-923-g6e406bff71 (webtiles) character file.

Game seed: 10513921324294919715

112 xian the Shooter (level 4, 0/23 (25) HPs)
             Began as a Deep Elf Arcane Marksman on July 28, 2022.
             Slain by Terence
             ... wielding the +7 Throatcutter {drain, coup de grace}
              (13 damage)
             ... on level 2 of the Dungeon.
             The game lasted 00:05:07 (2180 turns).

xian the Shooter (Deep Elf Arcane Marksman)         Turns: 2180, Time: 00:05:08

HP:   0/23 (25)     AC:  4    Str:  7    XL:     4   Next: 64%
MP:   9/9           EV: 12    Int: 24    God:
Gold: 154           SH:  0    Dex: 17    Spells: 6/7 levels left

rFire   . . .      SeeInvis .   a - +1 sling
rCold   . . .      Faith    .   (no shield)
rNeg    . . .      Spirit   .   k - +0 leather armour
rPois   .          Reflect  .   (no helmet)
rElec   .          Harm     .   p - +0 cloak
rCorr   .          Rampage  .   (no gloves)
Will    .....                   (no boots)
Stlth   +.........              (no amulet)
HPRegen 0.07/turn               n - +6 ring of intelligence
MPRegen 0.11/turn               (no ring)

@: drained
A: no striking features
a: no special abilities


You were on level 2 of the Dungeon.
You visited 1 branch of the dungeon, and saw 3 of its levels.

You collected 154 gold pieces.

Inventory:

Hand Weapons
 a - a +1 sling (weapon)
 o - a +3 quarterstaff of chaos
Armour
 k - a +0 leather armour (worn)
 p - a +0 cloak (worn)
Jewellery
 n - a +6 ring of intelligence (left hand)
Scrolls
 b - a scroll of vulnerability
 d - 2 scrolls of teleportation
 f - a scroll of summoning {unknown}
 h - 3 scrolls of identify
 j - a scroll of blinking {unknown}
Potions
 i - a potion of magic {unknown}
 l - a potion of cancellation {unknown}
 m - a potion of haste {unknown}


   Skills:
 + Level 1.3 Fighting
 * Level 5.7 Ranged Weapons
 + Level 2.4 Dodging
 * Level 2.0 Spellcasting
 + Level 4.4 Hexes


You had 6 spell levels left.
You knew the following spells:

 Your Spells              Type           Power      Damage    Failure   Level
a - Slow                  Hex            92%        N/A       3%          1

Your spell library contained the following spells:

 Spells                   Type           Power      Damage    Failure   Level
 Inner Flame              Hex/Fire       13%        N/A       22%         3
 Portal Projectile        Hex/Tloc       26%        N/A       22%         3
 Cause Fear               Hex            11%        N/A       28%         4
 Frozen Ramparts          Ice            4%         1d2       47%         3
 Ice Form                 Ice/Tmut       2%         N/A       87%         4
 Summon Ice Beast         Ice/Summ       2%         N/A       87%         4


Dungeon Overview and Level Annotations

Branches:
Dungeon (3/15)

Altars:

Annotations:
D:2 Ijyb, Terence


Message History

* * * LOW HITPOINT WARNING * * *
Terence completely misses you.
It was a potion of resistance.
You feel protected.
Your surroundings suddenly seem different.
You start resting.
You start to feel less resistant.
Your resistance to elements expires.
Terence is nearby!
Casting: Slow (safe; 3% risk of failure)
Confirm with . or Enter, or press ? or * to list all spells.
Aiming: Slow (safe; 3% risk of failure)
Press: ? - help, Shift-Dir - straight line, f/p - Terence
Aim: Terence, wielding the +7 Throatcutter {drain, coup de grace} and wearing a +0 scale mail (wandering, hasn't noticed you, chance to affect: 71%) Terence shouts!
Terence seems to slow down.
You shoot a sling bullet.
The sling bullet hits Terence but does no damage.
You shoot a sling bullet.
The sling bullet hits Terence but does no damage.
You shoot a sling bullet.
The sling bullet hits Terence but does no damage.
You shoot a sling bullet.
The sling bullet hits Terence but does no damage.
You shoot a sling bullet.
The sling bullet hits Terence but does no damage.
You shoot a sling bullet.
The sling bullet hits Terence but does no damage.
You shoot a sling bullet. The sling bullet hits Terence.
Terence is lightly wounded.
Terence barely misses you.
You shoot a sling bullet. The sling bullet hits Terence.
Terence is moderately wounded.
Terence hits you with the +7 Throatcutter {drain, coup de grace}.
You feel drained.
You shoot a sling bullet. The sling bullet hits Terence.
Terence is severely wounded.
Terence hits you with the +7 Throatcutter {drain, coup de grace}!
Ouch! That really hurt!
You die...

#####...............#######≈≈≈.
#.....##.#####.......#.....≈≈≈.
#..#####.#####.###.........≈≈≈.
##.##.............[#.#...≈≈.≈≈≈
#.....##.#####.#####.####≈≈≈≈≈.
#..#####.####..# #.# #.(≈≈≈≈
##.# #.#....###########...≈≈.
#.# #.#.#####........#≈..≈≈.
#.# #...# #@..###..###..≈≈≈.
##.# #..## #@### #.## #≈..≈≈.
#..## #..# #.# ##.# #≈..≈≈.
###...####..####.# #..# #...≈≈.
.###.............####.##
##≈≈≈≈≈ ..<...)...............#
#..≈≈≈ ...........##........[#
#..≈≈≈ ......##.#.#######....##
#.#≈≈#
####.....#.#.#.#.#.##..###
#.##≈#


You could see Terence (slow).

Vanquished Creatures
  Crazy Yiuf (D:2)
  3 adders (D:2)
  A worm (D:2)
  A dart slug (D:1)
  4 ball pythons
  2 endoplasms
  3 giant cockroaches
  5 goblins
  3 hobgoblins
  7 jackals (D:1)
  2 quokkas
  4 bats (D:1)
  4 frilled lizards
  3 kobolds
  7 rats
50 creatures vanquished.

Notes
Turn   | Place    | Note
-------+----------+-------------------------------------------
     0 | D:1      | xian the Deep Elf Arcane Marksman began the quest for the
                  | Orb.
     0 | D:1      | Reached XP level 1. HP: 11/11 MP: 5/5
   108 | D:1      | Reached skill level 1 in Fighting
   195 | D:1      | Reached skill level 3 in Ranged Weapons
   195 | D:1      | Reached XP level 2. HP: 16/16 MP: 6/6
   818 | D:1      | Reached skill level 4 in Ranged Weapons
   818 | D:1      | Reached XP level 3. HP: 20/20 MP: 7/7
  1308 | D:2      | Found a faded altar of an unknown god.
  1489 | D:2      | Reached skill level 5 in Ranged Weapons
  1489 | D:2      | Reached XP level 4. HP: 25/25 MP: 8/8
  1698 | D:2      | Found a runed translucent door.
  1699 | D:2      | Noticed Crazy Yiuf
  1711 | D:2      | Killed Crazy Yiuf
  1973 | D:3      | Noticed Terence
  1979 | D:3      | Noticed Ijyb
  1991 | D:2      | HP: 1/25 [Ijyb/+0 club (2)]
  2180 | D:2      | Slain by Terence

Illustrated notes

Levels and vault maps discovered:
D:1:      dpeg_arrival_central, layout_loops_ring, minmay_tiny_reverse_x
D:2:      layout_rooms, serial_rivers, chequers_serial_rivers_micro_a,
          chequers_serial_rivers_micro_e, chequers_serial_rivers_micro_a,
          chequers_serial_rivers_small_3, basic_ecumenical_altar, minivault_23,
          uniq_crazy_yiuf_cottage
D:3:      layout_basic, nzn_wu_jian_contemplation, uniq_terence, uniq_grinder,
          uniq_ijyb

Skill      XL: |  1  2  3  4 |
---------------+-------------+-----
Fighting       | 1 |  1.3
Ranged Weapons | 3 4 5 |  5.7
Spellcasting   | 2 |  2.0
Dodging        | |  2.4
Hexes          | |  4.4

Action                   |  1- 3 |  4- 6 || total
-------------------------+-------+-------++-------
Melee: Mace              |     1 |       ||     1
 Fire: Sling             |   132 |    34 ||   166
 Cast: Slow              |     1 |     3 ||     4
  Use: Potion            |     1 |     1 ||     2
       Scroll            |       |     2 ||     2
Armor: Robe              |     7 |       ||     7
       Leather armour    |     4 |     5 ||     9
Dodge: Dodged            |    28 |    21 ||    49

Table legend: (Time is in decaauts)
 A = Elapsed time spent in this place.
 B = Non-inter-level travel time spent in this place.
 C = Inter-level travel time spent in this place.
 D = Time resting spent in this place.
 E = Time spent auto-exploring this place.
 F = Levels seen in this place.
 G = Mean time per level.
                   A        B        C        D        E       F      G
               +--------+--------+--------+--------+--------+-----+--------+
         Total |   2224 |   2198 |     26 |     72 |   1775 |   3 |  741.3 |
       Dungeon |   2224 |   2198 |     26 |     72 |   1775 |   3 |  741.3 |
               +--------+--------+--------+--------+--------+-----+--------+

Top non-repeatable levels by time:
     D:1: 1333 daAuts
     D:2: 876 daAuts
     D:3: 15 daAuts
